 Dungeon Crawl Stone Soup version 0.22-a0-113-gdd6f4a9394 (webtiles) character file.

6586 Ordine the Thaumaturge (level 10, -3/56 HPs)
             Began as a Deep Elf Wizard on Jan 28, 2018.
             Was a Priest of Sif Muna.
             Killed from afar by Nergalle (31 damage)
             ... with a bolt of negative energy
             ... on level 10 of the Dungeon.
             The game lasted 00:48:41 (12747 turns).

Ordine the Thaumaturge (Deep Elf Wizard)           Turns: 12747, Time: 00:48:41

Health: -3/56      AC:  5    Str:  4    XL:     10   Next: 71%
Magic:  3/24       EV: 14    Int: 27    God:    Sif Muna [***...]
Gold:   1030       SH:  0    Dex: 17    Spells: 17/26 levels left

rFire    . . .     SeeInvis .   b - +1 dagger (holy)
rCold    . . .     Gourm    .   (no shield)
rNeg     . . .     Faith    .   y - +0 leather armour {MR+}
rPois    .         Spirit   .   v - +0 helmet
rElec    .         Reflect  .   (no cloak)
rCorr    +         Harm     .   o - +0 pair of gloves
MR       ++...                  (no boots)
Stlth    ++........             (no amulet)
HPRegen  0.18/turn              p - ring of resist corrosion
MPRegen  0.19/turn              w - +4 ring of dexterity

@: heavily drained
A: no striking features
a: Divine Energy, Channel Magic, Renounce Religion


You were on level 10 of the Dungeon.
You worshipped Sif Muna.
Sif Muna was most pleased with you.
You were not hungry.

You visited 2 branches of the dungeon, and saw 11 of its levels.

You collected 1030 gold pieces.

Inventory:

Hand Weapons
 a - a +3 dagger of venom
 b - a +1 dagger of holy wrath (weapon)
 e - a +1 dagger of draining
 F - a +1 dagger of freezing
Armour
 o - a +0 pair of gloves (worn)
 v - a +0 helmet (worn)
 y - a +0 leather armour of magic resistance (worn)
 E - +0 steam dragon scales
Magical Staves
 q - an uncursed staff of death
 C - an uncursed staff of conjuration
Jewellery
 p - a ring of resist corrosion (left hand)
 t - a +3 ring of strength
 w - a +4 ring of dexterity (right hand)
 B - the amulet "Amyugheth" {Spirit Dex+6}
   (You found it on level 7 of the Dungeon)

   [amulet of guardian spirit]

   It causes incoming damage to be split between your health and magic.
   It affects your dexterity (+6).
Wands
 h - a wand of flame (21)
 G - a wand of acid (6)
Scrolls
 f - a scroll of enchant armour
 j - 3 scrolls of teleportation
 n - a scroll of amnesia
 r - 4 scrolls of remove curse
 u - 2 scrolls of brand weapon
Potions
 g - 2 potions of flight
 i - 2 potions of cancellation {unknown}
 k - 2 potions of curing
 l - 2 potions of brilliance {unknown}
 m - a potion of magic
 s - a potion of ambrosia {unknown}
 x - 4 potions of degeneration {unknown}
 z - 2 potions of mutation {unknown}
 D - a potion of agility {unknown}
Books
 c - a book of Minor Magic

   Spells                             Type                      Level
   a - Magic Dart                     Conjuration                  1
   b - Blink                          Translocation                2
   c - Call Imp                       Summoning                    2
   d - Slow                           Hexes                        2
   e - Conjure Flame                  Conjuration/Fire             3
   f - Mephitic Cloud                 Conjuration/Poison/Air       3
 A - a book of Necromancy

   Spells                             Type                      Level
   a - Pain                           Necromancy                   1
   b - Animate Skeleton               Necromancy                   1
   c - Vampiric Draining              Necromancy                   3
   d - Regeneration                   Charms/Necromancy            3
   e - Animate Dead                   Necromancy                   4
Comestibles
 d - 16 rations


   Skills:
 + Level 4.1(2.9) Fighting
 + Level 6.5(5.3) Short Blades
 * Level 3.6(2.5) Armour
 + Level 6.7(5.5) Dodging
 + Level 4.1(2.9) Stealth
 + Level 8.9(7.6) Spellcasting
 - Level 6.0(4.7) Conjurations
   Level 1.1(0.0) Summonings
 - Level 3.0(1.9) Translocations
 - Level 5.0(3.8) Fire Magic
 - Level 5.0(3.8) Air Magic
 + Level 4.6(3.5) Invocations


You had 17 spell levels left.
You knew the following spells:

 Your Spells              Type           Power        Failure   Level  Hunger
a - Magic Dart            Conj           ####         1%          1    None
b - Blink                 Tloc           N/A          6%          2    None
c - Conjure Flame         Conj/Fire      ####....     4%          3    None
d - Mephitic Cloud        Conj/Pois/Air  ####....     9%          3    None


Dungeon Overview and Level Annotations

Branches:
Dungeon (10/15)            Temple (1/1) D:6
   Lair: D:8-11         Orc: D:9-12

Altars:
Ashenzari
Cheibriados
Dithmenos
Elyvilon
Fedhas
Gozag
Hepliaklqana
Kikubaaqudgha
Makhleb
Nemelex Xobeh
Okawaru
Qazlal
Ru
Sif Muna
Trog
Uskayaw
Vehumet
Wu Jian
Xom
Yredelemnul
Zin
The Shining One

Shops:
D:4 (

Annotations:
D:10 Nergalle


Message History

You hit Nergalle but do no damage.
Nergalle is moderately wounded.
Nergalle hits you with a dagger of speed.
You hit Nergalle.
Nergalle is moderately wounded.
Nergalle hits you with a dagger of speed.
You hit Nergalle but do no damage.
Nergalle is moderately wounded.
Nergalle hits you with a dagger of speed.
You hit Nergalle but do no damage.
Nergalle is lightly wounded.
Nergalle hits you but does no damage.
Nergalle hits you with a dagger of speed.
There is a stone staircase leading up here.
You closely miss Nergalle.
Nergalle is lightly wounded.
Nergalle gestures at you while chanting.
The bolt of negative energy hits you!
You feel drained.
Ouch! That really hurt!
You die...

...# ... .. ..
..#+#####.#
..$.......#
..........#
..........#
.......@..#
.......o..#
......)...#
..........#
.............
...............
............###
............#
............#


You could see Nergalle.

Vanquished Creatures
  A deep elf knight (D:8)
  An unseen horror (D:8)
  An orc knight (D:8)
  A hornet (D:9)
  2 hippogriffs
  Sigmund (D:5)
  A wyvern (D:9)
  A yak (D:8)
  A hungry ghost (D:8)
  A steam dragon (D:8)
  3 sky beasts
  3 phantoms
  An ice beast (D:6)
  An orc warrior (D:6)
  A necrophage (D:8)
  5 ogres
  2 centaurs
  A big kobold (D:8)
  4 bullfrogs
  A scorpion (D:9)
  10 killer bees
  3 wights (D:6)
  6 howler monkeys
  2 bullfrog zombies
  A centaur zombie (D:8)
  4 crimson imps
  4 hounds
  3 jellies
  A gnoll shaman (D:8)
  3 orc priests
  A bullfrog skeleton (D:8)
  Natasha (thrice) (D:2)
  5 iguanas
  3 orc wizards
  11 worker ants
  A killer bee zombie (D:5)
  A hound skeleton (D:4)
  2 howler monkey skeletons
  2 worker ant zombies
  4 gnolls (D:6)
  4 adders
  3 shadow imps
  2 oozes (D:6)
  2 adder skeletons
  2 worms
  3 dart slugs
  6 leopard geckos
  32 orcs
  5 giant cockroaches
  7 goblins
  A hobgoblin (D:1)
  4 jackals
  5 quokkas
  6 bats (D:1)
  13 frilled lizards
  A giant cockroach zombie (D:6)
  10 kobolds
  7 rats
  A fungus (D:2)
217 creatures vanquished.

Vanquished Creatures (collateral kills)
  A killer bee (D:9)
1 creature vanquished.

Vanquished Creatures (others)
  8 bushes (D:8)
  2 fungi (D:2)
10 creatures vanquished.

Grand Total: 228 creatures vanquished

Notes
Turn   | Place    | Note
-------+----------+-------------------------------------------
     0 | D:1      | Ordine the Deep Elf Wizard began the quest for the Orb.
     0 | D:1      | Reached XP level 1. HP: 10/10 MP: 7/7
   356 | D:1      | Reached XP level 2. HP: 8/15 MP: 0/9
   585 | D:1      | Learned a level 2 spell: Blink
  1052 | D:2      | Noticed Natasha
  1059 | D:2      | Noticed a crimson imp
  1060 | D:2      | Killed Natasha
  1060 | D:2      | Reached XP level 3. HP: 7/19 MP: 1/11
  1065 | D:2      | Learned a level 3 spell: Conjure Flame
  1069 | D:2      | Learned a level 3 spell: Mephitic Cloud
  1317 | D:2      | Noticed Natasha
  1352 | D:2      | Killed Natasha
  1352 | D:2      | Reached skill level 5 in Spellcasting
  1352 | D:2      | Reached XP level 4. HP: 8/24 MP: 1/13
  1396 | D:2      | Noticed Natasha
  1428 | D:2      | Killed Natasha
  1588 | D:2      | Reached skill level 1 in Fire Magic
  2077 | D:3      | Found a deep blue altar of Sif Muna.
  2083 | D:3      | Became a worshipper of Sif Muna the Loreminder
  2126 | D:3      | Reached skill level 1 in Air Magic
  2126 | D:3      | Reached XP level 5. HP: 24/28 MP: 2/14
  2325 | D:3      | Found a shadowy altar of Dithmenos.
  2325 | D:3      | Found a bloodstained altar of Trog.
  3471 | D:4      | Reached XP level 6. HP: 28/32 MP: 6/16
  3703 | D:4      | Found Doxeynuk's Antique Weapon Shoppe.
  3887 | D:4      | Reached * piety under Sif Muna
  4333 | D:4      | Reached skill level 1 in Short Blades
  4613 | D:5      | Entered Level 5 of the Dungeon
  4618 | D:5      | Noticed Sigmund
  4708 | D:5      | Reached XP level 7. HP: 37/37 MP: 12/17
  4717 | D:5      | Reached skill level 1 in Armour
  4758 | D:5      | Reached skill level 6 in Spellcasting
  4841 | D:5      | Killed Sigmund
  4841 | D:5      | Reached skill level 1 in Fighting
  5948 | D:6      | Reached XP level 8. HP: 43/43 MP: 3/19
  6233 | D:6      | Found a staircase to the Ecumenical Temple.
  6239 | Temple   | Entered the Ecumenical Temple
  6683 | D:6      | Reached skill level 5 in Conjurations
  6702 | D:6      | Reached skill level 1 in Invocations
  6994 | D:6      | Reached ** piety under Sif Muna
  7001 | D:6      | Found a sacrificial altar of Ru.
  7194 | D:6      | Reached skill level 7 in Spellcasting
  7645 | D:7      | Reached XP level 9. HP: 49/49 MP: 10/21
  7721 | D:7      | Got a slimy ruby amulet
  7943 | D:7      | Reached skill level 5 in Dodging
  8234 | D:7      | Found a radiant altar of Vehumet.
  9168 | D:8      | Reached skill level 5 in Short Blades
  9182 | D:8      | Reached *** piety under Sif Muna
  9628 | D:8      | Identified the amulet "Amyugheth" {Spirit Dex+6} (You found it on level 7 of the Dungeon)
  9631 | D:8      | Found the +3 giant club "Skullcrusher" {speed, Str+7}
  9739 | D:8      | Reached skill level 5 in Fire Magic
 10057 | D:9      | Reached skill level 8 in Spellcasting
 10176 | D:8      | Noticed a deep elf knight
 10176 | D:8      | Noticed an orc knight
 10578 | D:9      | Reached XP level 10. HP: 56/56 MP: 7/24
 11407 | D:8      | Reached skill level 5 in Air Magic
 11648 | D:8      | Killed an orc knight
 11657 | D:8      | Killed a deep elf knight
 11950 | D:8      | Killed an unseen horror
 12430 | D:10     | Entered Level 10 of the Dungeon
 12430 | D:10     | Noticed Nergalle
 12747 | D:10     | Killed from afar by Nergalle

Vault maps used:
D:1:      giann_wishing_wells, hangedman_decor_riveting
D:2:      minmay_gold_behind_fungi, uniq_natasha
D:3:      gammafunk_temple_overflow_elements, first_ration, led_sif_pool
D:4:      serial_shops, nicolae_shop_waterfront
D:5:      glass_columns_c, uniq_sigmund
D:6:      nicolae_ru_awakened_eye, minmay_temple_entry_statues_pillars
D:7:      old_standard_altar
D:8:      minmay_klotski, grunt_ogre_cave, st_stairs_6
D:9:      grunt_decor_fettered
D:10:     nicolae_tso_carved_into_rock, uniq_nergalle
Temple:   dpeg_five_rooms_temple

Skill      XL: |  1  2  3  4  5  6  7  8  9 10 |
---------------+-------------------------------+-----
Dodging        | 3 4 5 6 |  6.7
Stealth        | 3 4 |  4.1
Conjurations   | 2 3 4 5 6 |  6.0
Translocations | 2 3 |  3.0
Spellcasting   | 5 6 7 8 |  8.9
Fire Magic     | 1 2 3 4 5 |  5.0
Air Magic      | 1 2 3 4 5 |  5.0
Short Blades   | 1 2 4 5 6 |  6.5
Armour         | 2 3 |  3.6
Fighting       | 1 2 3 4 |  4.1
Invocations    | 1 3 4 |  4.6
Summonings     | |  1.1

Action                   |  1- 3 |  4- 6 |  7- 9 | 10-12 || total
-------------------------+-------+-------+-------+-------++-------
Melee: Dagger            |    45 |    38 |    91 |    55 ||   229
 Cast: Magic Dart        |    66 |   172 |   403 |   144 ||   785
       Mephitic Cloud    |     1 |    10 |    29 |    21 ||    61
       Blink             |     1 |     3 |     8 |     4 ||    16
       Conjure Flame     |       |     6 |    20 |    19 ||    45
  Use: Scroll            |     3 |     5 |    12 |       ||    20
       Potion            |       |       |       |     2 ||     2
 Stab: Confused          |       |     3 |     4 |     6 ||    13
  Eat: Chunk             |     1 |    10 |    12 |     4 ||    27
       Ration            |       |       |     2 |     1 ||     3
Armor: Robe              |     2 |     9 |    33 |       ||    44
       Steam dragon scal |       |       |     5 |     1 ||     6
       Leather armour    |       |       |       |    11 ||    11
Dodge: Dodged            |     7 |    39 |   144 |    31 ||   221

Table legend:
 A = Spawn XP
 B = Non-spawn XP
 C = Spawn XP percentage of total XP
 D = Spawn monster count
 E = Non-spawn monster count
 F = Spawn count percentage of total count
 G = Total turns spent on level
                    A         B        C        D         E        F      G
               +---------+---------+-------+---------+---------+-------+---------
         Total |       0 |    9409 |   0.0 |       0 |     217 |   0.0 | 12747
               +---------+---------+-------+---------+---------+-------+---------
           D:1 |       0 |      32 |   0.0 |       0 |      21 |   0.0 |   901
           D:2 |       0 |     141 |   0.0 |       0 |      15 |   0.0 |  1250
           D:3 |       0 |     130 |   0.0 |       0 |      25 |   0.0 |  1206
           D:4 |       0 |     420 |   0.0 |       0 |      24 |   0.0 |  1482
           D:5 |       0 |     665 |   0.0 |       0 |      23 |   0.0 |  1215
           D:6 |       0 |    1193 |   0.0 |       0 |      27 |   0.0 |  1185
           D:7 |       0 |    1183 |   0.0 |       0 |      20 |   0.0 |  1149
           D:8 |       0 |    4227 |   0.0 |       0 |      45 |   0.0 |  2763
           D:9 |       0 |    1299 |   0.0 |       0 |      16 |   0.0 |  1193
          D:10 |       0 |     119 |   0.0 |       0 |       1 |   0.0 |    55
               +---------+---------+-------+---------+---------+-------+---------
